 Dungeon Crawl Stone Soup version 0.22.0-49-gab54619 (webtiles) character file.

352 oya the Chopper (level 6, -5/39 HPs)
             Began as a Gargoyle Berserker on Sept 8, 2018.
             Was a Priest of Trog.
             Slain by Sigmund
             ... wielding a cursed -2 scythe
              (7 damage)
             ... on level 6 of the Dungeon on Sept 9, 2018.
             The game lasted 00:12:20 (1843 turns).

oya the Chopper (Gargoyle Berserker)                Turns: 1843, Time: 00:12:21

Health: -5/39      AC: 12    Str: 27    XL:     6   Next: 62%
Magic:  6/6        EV: 12    Int:  7    God:    Trog [***...]
Gold:   138        SH:  0    Dex:  9    Spells: 5/5 levels left

rFire    . . .     SeeInvis .   y - +1 hand axe (chop)
rCold    . . .     Gourm    .   (no shield)
rNeg     + . .     Faith    .   j - +2 leather armour {MR+}
rPois    ∞         Spirit   .   o - +0 helmet
rElec    +         Reflect  .   q - +0 cloak
rCorr    .         Harm     .   (no gloves)
MR       +....                  (no boots)
Stlth    +.........             (no amulet)
HPRegen  0.13/turn              l - +2 ring of strength
MPRegen  0.10/turn              p - +2 ring of strength

@: berserk cooldown
A: negative energy resistance 1, electricity resistance, unbreathing,
petrification resistance, rot immunity, AC +4
a: Berserk, Trog's Hand, Renounce Religion


You were on level 6 of the Dungeon.
You worshipped Trog.
Trog was most pleased with you.
You were hungry.

You visited 1 branch of the dungeon, and saw 4 of its levels.

You collected 138 gold pieces.

Inventory:

Hand Weapons
 a - a +0 hand axe
 n - a +2 whip of pain
 y - a +1 hand axe of chopping (weapon)
Missiles
 z - 4 steel javelins (quivered)
Armour
 b - a +0 animal skin
 j - a +2 leather armour of magic resistance (worn)
 o - a +0 helmet (worn)
 q - a +0 cloak (worn)
Jewellery
 g - a +2 ring of intelligence
 l - a +2 ring of strength (left hand)
 p - a +2 ring of strength (right hand)
Scrolls
 d - 2 scrolls of enchant weapon {unknown}
 e - 3 scrolls of amnesia {unknown}
 f - 2 scrolls of immolation {unknown}
 m - 3 scrolls of identify {unknown}
 u - a scroll of teleportation {unknown}
 x - a scroll of remove curse {unknown}
Potions
 h - a potion of might {unknown}
 k - 2 potions of haste {unknown}
 r - a potion of agility {unknown}
 s - a potion of degeneration {unknown}
 t - a potion of lignification {unknown}
 v - 2 potions of ambrosia {unknown}
 w - 2 potions of curing {unknown}
Comestibles
 c - 15 rations
 i - 4 chunks of flesh


   Skills:
 + Level 4.4 Fighting
 + Level 5.2 Axes
 + Level 3.0 Armour
 + Level 2.6 Dodging
 + Level 0.3 Stealth


You had 5 spell levels left.
You didn't know any spells.
Your spell library was empty.

Dungeon Overview and Level Annotations

Branches:
Dungeon (3/15)

Altars:
Kikubaaqudgha
Yredelemnul

Annotations:
D:6 Merlin's ghost, novice GnWn; Sigmund


Innate Abilities, Weirdness & Mutations

You are resistant to torment.
Your stone body is resilient. (AC +4)
You are immune to poison.
You resist negative energy. (rN+)
You are resistant to electric shocks. (rElec)
You can survive without breathing.
You are immune to petrification.
You are immune to rotting.


Message History

Something hits you!
* * * LOW HITPOINT WARNING * * *
You hit the hound.
You kill the hound!
Trog accepts your kill.
You hit the centaur skeleton.
You feel yourself speed up.
The centaur skeleton hits you but does no damage. x2
Something hits you.
* * * LOW HITPOINT WARNING * * *
The centaur skeleton hits you but does no damage.
The centaur skeleton closely misses you.
You see here a hound corpse.
You hit something. You hit the centaur skeleton.
You hear some strange, mumbled words.
Something tries to affect you, but you resist.
The centaur skeleton misses you.
Unknown command.
Something hits you!
You die...

#. #.# #####.....
..###.. ....[...#
.....# #.......#
##.#.####../....# ..
#....##.........#
....#.#...#.#.......#
................Z...#
###.###....†..{†....#
........#....##@#####
.##.##..#.....#.#
#.##.)##....#.#
#....)).......#
####.########## ...#W
###.#.# #.#.. #.#..#


You could see a centaur skeleton.

Vanquished Creatures
  3 wights (D:6)
  A howler monkey (D:6)
  A crimson imp (D:6)
  A hound (D:6)
  Robin (D:2)
  A howler monkey skeleton (D:6)
  3 adders (D:2)
  An ooze (D:3)
  2 dart slugs
  An orc (D:3)
  5 bats
  A giant cockroach (D:2)
  2 gnoll zombies (D:2)
  15 goblins
  10 hobgoblins
  4 jackals (D:3)
  2 quokkas
  A ball python (D:3)
  A frilled lizard (D:1)
  5 kobolds
  7 rats
68 creatures vanquished.

Notes
Turn   | Place    | Note
-------+----------+-------------------------------------------
     0 | D:1      | oya the Gargoyle Berserker began the quest for the Orb.
     0 | D:1      | Reached XP level 1. HP: 14/14 MP: 1/1
   121 | D:1      | Reached XP level 2. HP: 19/19 MP: 2/2
   141 | D:1      | Reached skill level 3 in Axes
   738 | D:2      | Reached XP level 3. HP: 23/23 MP: 3/3
   743 | D:2      | Reached ** piety under Trog
   744 | D:2      | Noticed Robin
   749 | D:2      | Killed Robin
   908 | D:2      | Reached XP level 4. HP: 29/29 MP: 4/4
  1234 | D:2      | Found a basalt altar of Yredelemnul.
  1371 | D:3      | Found an ancient bone altar of Kikubaaqudgha.
  1456 | D:3      | Reached skill level 4 in Axes
  1798 | D:3      | You fall through a shaft for 3 floors!
  1806 | D:6      | Reached XP level 5. HP: 33/33 MP: 5/5
  1812 | D:6      | Reached *** piety under Trog
  1812 | D:6      | Reached XP level 6. HP: 38/38 MP: 6/6
  1813 | D:6      | Noticed Merlin's ghost (novice GnWn)
  1820 | D:6      | Reached skill level 5 in Axes
  1824 | D:6      | Noticed Sigmund
  1840 | D:6      | HP: 1/39 [something (3)]
  1843 | D:6      | Slain by Sigmund

Skill      XL: |  1  2  3  4  5  6 |
---------------+-------------------+-----
Axes           | 3 4 5 |  5.2
Dodging        | 2 |  2.6
Fighting       | 4 |  4.4
Armour         | 3 |  3.0
Stealth        | |  0.3

Action                   |  1- 3 |  4- 6 || total
-------------------------+-------+-------++-------
Melee: Hand axe          |    99 |    91 ||   190
Invok: Berserk           |     1 |     1 ||     2
  Eat: Chunk             |     1 |     3 ||     4
Armor: Animal skin       |     9 |       ||     9
       Leather armour    |    37 |    53 ||    90
Dodge: Dodged            |    67 |    88 ||   155
